 Dungeon Crawl Stone Soup version 0.23-a0-619-g281719c (webtiles) character file.

41 Lavandula the Cutter (level 3, 0/21 HPs)
             Began as a Halfling Enchanter on Dec 22, 2018.
             Killed from afar by Blork the orc (10 damage)
             ... with a puff of frost
             ... on level 4 of the Dungeon.
             The game lasted 00:04:00 (1121 turns).

Lavandula the Cutter (Halfling Enchanter)           Turns: 1121, Time: 00:04:01

Health: 0/21       AC:  2    Str:  9    XL:     3   Next: 75%
Magic:  3/6        EV: 19    Int: 14    God:
Gold:   36         SH:  0    Dex: 14    Spells: 0/6 levels left

rFire    . . .     SeeInvis .   a - +1 dagger
rCold    . . .     Gourm    .   (shield restricted)
rNeg     . . .     Faith    .   b - +0 robe
rPois    .         Spirit   .   (no helmet)
rElec    .         Reflect  .   (no cloak)
rCorr    .         Harm     .   (no gloves)
MR       .....                  (no boots)
Stlth    ++........             (no amulet)
HPRegen  0.07/turn              c - +4 ring of evasion
MPRegen  0.10/turn              (no ring)

@: very slightly contaminated
A: small, mutation resistance 1
a: no special abilities


You were on level 4 of the Dungeon.
You were near starving.

You visited 1 branch of the dungeon, and saw 4 of its levels.

You collected 36 gold pieces.

Inventory:

Hand Weapons
 a - a +1 dagger (weapon)
 k - a +0 hunting sling
Missiles
 m - 22 stones (quivered)
Armour
 b - a +0 robe (worn)
 h - a +1 chain mail of fire resistance
Jewellery
 c - a +4 ring of evasion (left hand)
Scrolls
 f - a scroll of amnesia {unknown}
 i - a scroll of teleportation {unknown}
 j - a scroll of blinking {unknown}
Potions
 e - a potion of curing
 g - a potion of flight
Comestibles
 d - 5 rations


   Skills:
 + Level 3.4 Short Blades
 - Level 2.1 Dodging
 - Level 3.2 Stealth
 - Level 2.0 Spellcasting
 - Level 2.4 Hexes


You couldn't memorise any spells.
You knew the following spells:

 Your Spells              Type           Power        Failure   Level  Hunger
a - Corona                Hex            #......      9%          1    ##.....
b - Ensorcelled Hibernat  Hex/Ice        #.....       22%         2    ###....
c - Confuse               Hex            #.......     26%         3    ####...

Your spell library contained the following spells:

 Spells                   Type           Power        Failure   Level  Hunger
 Tukima's Dance           Hex            #.......     26%         3    ####...
 Dazzling Spray           Conj/Hex       #.....       41%         3    ####...


Dungeon Overview and Level Annotations

Branches:
Dungeon (4/15)
 Temple: D:4-7

Altars:

Annotations:
D:4 Blork the orc


Innate Abilities, Weirdness & Mutations

You are small and have problems with some larger weapons.
You are somewhat resistant to further mutation.


Message History

You are near starving!
Blork the orc zaps a wand.
You resist with significant effort.
You start resting.
Blork the orc is too close now for your liking.
Casting: Ensorcelled Hibernation (safe; 22% risk of failure)
Confirm with . or Enter, or press ? or * to list all spells.
Aiming: Ensorcelled Hibernation (safe; 22% risk of failure)
Press: ? - help, Shift-Dir - straight line, f/p - Blork the orc
Aim: Blork the orc, wielding a +0 glaive, wearing a +0 robe and carrying a wand You miscast Ensorcelled Hibernation.
You are very lightly contaminated with residual magic.
Frost spreads across the the floor.
Blork the orc hits you from afar with a +0 glaive!
Ouch! That really hurt!
An adder comes into view.
A bullfrog skeleton comes into view.
Blork the orc screams, "I'll drink your blood!
Soon!"
Blork the orc gestures at you while chanting.
The puff of frost hits you!
You die...

#.# ### #.# ####
#.####..### ## #
#.#.......##.##.. .
#.#................
#............##....
###.........###....
#.....#..........
###..####@.......
#..####.#####.#
#.......ZS....#.#
#.####o#.###...#
#.# #.###...o.# #.#
##.#..##.## #.#
##o#.# #.# #.#.#
.## #. #.#.##....#


You could see Blork the orc and a bullfrog skeleton (wandering).

Vanquished Creatures
  2 adders
  2 leopard geckos (D:2)
  2 giant cockroaches
  A goblin (D:1)
  5 hobgoblins
  3 kobolds
  2 bats (D:2)
  3 rats
20 creatures vanquished.

Notes
Turn   | Place    | Note
-------+----------+-------------------------------------------
     0 | D:1      | Lavandula the Halfling Enchanter began the quest for the
                  | Orb.
     0 | D:1      | Reached XP level 1. HP: 11/11 MP: 3/3
   165 | D:1      | Reached XP level 2. HP: 12/17 MP: 2/4
   169 | D:1      | Learned a level 2 spell: Ensorcelled Hibernation
   383 | D:2      | Reached XP level 3. HP: 21/21 MP: 2/5
   458 | D:2      | HP: 1/21 [leopard gecko (2)]
   950 | D:4      | Learned a level 3 spell: Confuse
  1010 | D:4      | Noticed Blork the orc
  1121 | D:4      | Killed from afar by Blork the orc

Vault maps used:
D:1:      psy_arrival_basics, minmay_misc_feat_roman
D:2:      lemuel_blue_sif_altar, elyvilon_altar_3
D:3:      lemuel_doored_altar, fedhas_ov_isle_minmay
D:4:      minmay_octagon_keep, first_ration, uniq_sigmund, uniq_edmund,
          uniq_blork_the_orc

Skill      XL: |  1  2  3 |
---------------+----------+-----
Short Blades   | 2 3 |  3.4
Spellcasting   | 2 |  2.0
Dodging        | |  2.1
Stealth        | |  3.2
Hexes          | |  2.4

Action                   || total
-------------------------++-------
Melee: Dagger            ||    70
 Cast: Corona            ||    14
       Ensorcelled Hiber ||     7
  Use: Potion            ||     4
 Stab: Sleeping          ||     5
Armor: Robe              ||     3
Dodge: Dodged            ||    63

Table legend:
 A = Non-vault XP
 B = Vault XP
 C = Vault XP percentage of total XP
 D = Non-vault monster count
 E = Vault monster count
 F = Vault count percentage of total count
                 A         B        C        D         E       F
            +---------+---------+-------+---------+---------+-------
      Total |      59 |       0 |   0.0 |      20 |       0 |   0.0
            +---------+---------+-------+---------+---------+-------
        D:1 |      12 |       0 |   0.0 |       7 |       0 |   0.0
        D:2 |      32 |       0 |   0.0 |      11 |       0 |   0.0
        D:3 |       2 |       0 |   0.0 |       1 |       0 |   0.0
        D:4 |      13 |       0 |   0.0 |       1 |       0 |   0.0
            +---------+---------+-------+---------+---------+-------
